[Event "101st Irish Championship 2022"]
[Site "Dublin"]
[Date "2022.07.06"]
[Round "5.3"]
[White "Pang, Khai Jie Ryan"]
[Black "Baburin, Alexander"]
[Result "0-1"]
[ECO "B03"]
[WhiteElo "1841"]
[BlackElo "2400"]
[Annotator "TA"]
[PlyCount "86"]
[EventDate "2022.07.05"]
[EventType "swiss"]
[EventCountry "IRL"]
[SourceTitle "playchess.com"]
[Source "ChessBase"]
[SourceQuality "1"]
[TimeControl "40/6300+30:1800+30"]

1. e4 Nf6 2. e5 Nd5 3. c4 Nb6 4. d4 d6 5. exd6 cxd6 6. Nc3 g6 7. Be3 Bg7 8. Rc1 O-O 9. b3 Bf5 10. Be2 {[%emt 0:01:15] B03: Alekhine's Defence: Four Pawns Attack.} e5 11. d5 Na6 12. h4 {[%emt 0:05:25] [#] White is slightly better.} Bc8 $146 ({Black should try} 12... h5 $14) ({Predecessor:} 12... h5 13. Nf3 Nc5 14. O-O Rc8 15. Ng5 a5 16. g3 Nbd7 17. Nb5 Qe7 18. Qd2 b6 {1-0 (43) Felgaer,R (2572)-Espinosa Aranda,A (2506) chess24.com INT 2020}) 13. h5 $1 $16 f5 14. hxg6 hxg6 15. g4 Nd7 16. gxf5 gxf5 17. Nf3 f4 {[%emt 0:03:25] [#]} (17... Nf6 $16) 18. Bd2 $2 ({White must play} 18. Qc2 $1 $18 Nf6 19. Bd2) 18... Nf6 (18... Ndc5 $1 $17 {and life is bright.} 19. Nh4 (19. Qc2 $2 Bf5 $19) 19... Rf6) 19. Ng5 {[%emt 0:01:37] Prevents e4.} (19. Qc2 $1 $18) 19... Bf5 {[%emt 0:01:14] Prevents Bd3.} 20. Ne6 Bxe6 21. dxe6 Nc5 22. Nd5 {[%emt 0:10:53] e7 is the strong threat.} Nxe6 23. Bf3 Nc5 (23... Qd7 $142) 24. Nxf6+ $1 Rxf6 {[%emt 0:00:07] [#]} 25. Bd5+ (25. Qc2 e4 26. Bc3 (26. Bxe4 $2 Re6 $19) 26... exf3 $17) 25... Kf8 26. Qc2 {[%emt 0:04:27] Against Nd3+} (26. Qh5 $16) 26... e4 $1 $14 27. Bc3 {[%emt 0:06:37] A strong pair of Bishops.} (27. Kf1 $5 ) 27... Nd3+ (27... Rh6 $1 $14 28. Kd2 Rxh1 29. Rxh1 (29. Bxg7+ Kxg7 30. Rxh1 Qf6 $11) 29... Qg5) 28. Kd1 (28. Kf1 $16 {And now Rd1 would win.} Nxc1 29. Qxc1) 28... Qb6 {[%emt 0:06:55] [#] Chess con chili.} (28... Nxc1 29. Kxc1 Qe7 30. Rg1 $16 (30. Qxe4 Qxe4 31. Bxe4 Rf7 $15)) 29. Rg1 $2 Nxf2+ $19 (29... Qxf2 $2 30. Qxf2 Nxf2+ 31. Kc2 $18) 30. Ke1 Qe3+ 31. Kf1 Nd3 32. Rxg7 Qf3+ {[%emt 0:00:06][%mdl 64] Zwischenzug} ({Inferior is} 32... Kxg7 33. Qg2+ Qg3 34. Rc2 $17) 33. Kg1 Kxg7 34. Rd1 Qe3+ 35. Kf1 Qf3+ 36. Kg1 {[%emt 0:00:05] [#]} Rh8 $1 37. Qg2+ Qxg2+ 38. Kxg2 Ne5 {[%emt 0:00:28] ( -> ...Rg6+)} 39. Bxe4 b6 40. Rd5 Rh5 {[%emt 0:01:01] aiming for ...f3+.} 41. b4 f3+ 42. Kg1 f2+ 43. Kf1 Rg5 {[%emt 0:00:27] Weighted Error Value: White=0.87/Black=0.48} 0-1

[Event "101st Irish Championship 2022"]
[Site "Dublin"]
[Date "2022.07.06"]
[Round "5.4"]
[White "Carroll, Peter"]
[Black "Li, Henry"]
[Result "1/2-1/2"]
[ECO "D00"]
[WhiteElo "2116"]
[BlackElo "2319"]
[Annotator "TA"]
[PlyCount "34"]
[EventDate "2022.07.05"]
[EventType "swiss"]
[EventCountry "IRL"]
[SourceTitle "playchess.com"]
[Source "ChessBase"]
[SourceQuality "1"]
[TimeControl "40/6300+30:1800+30"]

1. d4 Nf6 2. Nc3 d5 3. Bf4 g6 4. e3 Bg7 5. Nb5 Na6 6. h3 c6 7. Nc3 Nb8 8. Nf3 O-O 9. Be2 Qb6 {[%emt 0:07:18] D00: 1 d4 d5: Unusual lines.} 10. Rb1 {[%emt 0:00:54] [#]} a5 $146 ({Predecessor:} 10... Nbd7 11. O-O Re8 12. Bh2 Nf8 13. b4 Bf5 14. Nd2 N6d7 15. Na4 Qd8 16. Nc5 Nxc5 17. bxc5 b6 18. Ba6 Bc8 19. Bxc8 Rxc8 20. cxb6 axb6 {½-½ (37) Aronian,L (2781)-Nepomniachtchi,I (2784) chess24.com INT 2020}) 11. Na4 Qd8 {[%emt 0:10:34] The position is equal.} 12. O-O Nfd7 13. b3 b5 14. Nb2 Nb6 15. c4 b4 16. Bd3 ({Better is} 16. Qc2 $16) 16... Ba6 17. e4 e6 {[%emt 0:03:58] Weighted Error Value: White=0.15 (very precise) /Black=0.17 (very precise)} 1/2-1/2

[Event "101st Irish Championship 2022"]
[Site "Dublin"]
[Date "2022.07.06"]
[Round "5.5"]
[White "O'Connell, Gerard"]
[Black "Daly, Colm"]
[Result "0-1"]
[ECO "A46"]
[WhiteElo "2052"]
[BlackElo "2190"]
[Annotator "TA"]
[PlyCount "58"]
[EventDate "2022.07.05"]
[EventType "swiss"]
[EventCountry "IRL"]
[SourceTitle "playchess.com"]
[Source "ChessBase"]
[SourceQuality "1"]
[TimeControl "40/6300+30:1800+30"]

1. d4 e6 2. Nf3 Nf6 3. g3 b5 4. Bg2 Bb7 5. O-O Be7 6. a4 b4 7. c4 O-O {[%emt 0:01:18] A46: 1 d4 Nf6 2 Nf3 e6: Torre, London and Colle Systems.} 8. Nbd2 {[%emt 0:01:05] has lost popularity (8.b3).} c5 9. dxc5 Na6 {[%emt 0:00:27] The position is equal.} 10. Nb3 Nxc5 11. Nxc5 Bxc5 12. Bf4 {[%emt 0:00:10] Against Qc7} Rc8 {[%emt 0:01:28] [#]} 13. b3 $146 (13. Rc1 $11 {remains equal.}) ({Predecessor:} 13. Ne5 Bxg2 14. Kxg2 Qb6 15. a5 Qa6 16. Qb3 Rfd8 17. Bg5 Be7 18. Rfc1 {0-1 (40) Buran,J (2264)-Kuchynka,L (2314) Czech Republic 2012}) 13... d6 ({Better is} 13... d5 $17 14. Nd2 Bd4) 14. Nd2 {[%emt 0:09:23] Inhibits Ne4.} (14. Bg5 $11) 14... Bxg2 {[%emt 0:00:55] Black is more active.} 15. Kxg2 h6 {[%emt 0:00:10] Inhibits Bg5.} 16. Nf3 Re8 ({Black should try} 16... Qb6 $17 17. a5 Qc6) 17. Bc1 $1 $15 e5 18. Bb2 Qb6 19. e3 Rcd8 20. Qc2 Qc6 21. Rad1 Re6 22. Rfe1 Rf8 23. e4 Ng4 24. Re2 $2 {[%emt 0:04:32][%mdl 8192] [#] White does not recover from this.} (24. h3 $1 $11 Nf6 25. Re2) 24... f5 $1 $19 ({Worse is} 24... Bxf2 25. Bc1 Bb6 26. Nh4 $15) 25. Rd5 Ref6 {[%emt 0:03:52] White must now prevent ...fxe4.} 26. Nd2 f4 {[%emt 0:07:04] aiming for ...f3+.} 27. Qd3 fxg3 28. f3 Nf2 29. Qb1 Qc8 {[%emt 0:00:40] Weighted Error Value: White=0.66/Black=0.20 (precise)} 0-1

[Event "101st Irish Championship 2022"]
[Site "Dublin"]
[Date "2022.07.06"]
[Round "5.6"]
[White "Mats, Diana"]
[Black "Flynn, Jacob"]
[Result "0-1"]
[ECO "C54"]
[WhiteElo "2028"]
[BlackElo "2199"]
[Annotator "TA"]
[PlyCount "96"]
[EventDate "2022.07.05"]
[EventType "swiss"]
[EventCountry "IRL"]
[SourceTitle "playchess.com"]
[Source "ChessBase"]
[SourceQuality "1"]
[TimeControl "40/6300+30:1800+30"]

1. e4 e5 2. Nf3 Nc6 3. Bc4 Nf6 4. d3 Bc5 5. c3 a6 6. b4 Ba7 7. Qb3 {[%emt 0:01:21] C54: Giuoco Piano: 4 c3 Nf6, main lines with 5 d4 and 5 d3.} O-O {[%emt 0:06:28] [#]} 8. h3 $146 (8. a4 $11) ({Predecessor:} 8. Bg5 d6 9. O-O h6 10. Bh4 Qe7 11. Nbd2 Nd8 12. a4 Ne6 13. Rad1 Nf4 14. Rfe1 g5 {½-½ (34) Kostanyan,H (1921)-Reyer,U (2161) Berlin 2018}) 8... d6 9. g4 $2 (9. a4 $11 {and White stays safe.}) 9... b5 $19 10. Bd5 Nxd5 11. exd5 (11. Qxd5 $142 Qe8 12. Qb3) 11... Ne7 {[%emt 0:03:28] aiming for ...f5.} 12. Be3 Bb7 13. c4 c6 14. dxc6 Bxc6 15. Nbd2 Ng6 16. h4 (16. cxb5 $142 axb5 17. Rc1 Bxe3 18. fxe3) 16... Qf6 17. cxb5 axb5 18. Bg5 Qe6 ({Less strong is} 18... Bxf3 19. Bxf6 Bxh1 20. Bg5 $14) 19. Qxe6 fxe6 20. Ke2 Nf4+ 21. Bxf4 Rxf4 ({And not} 21... exf4 22. Ne4 $17) 22. g5 Raf8 ({Wrong is} 22... Rxb4 $2 23. Rac1 Bd5 24. Rb1 $19) 23. Rh3 Rxb4 24. Rc1 Bd5 25. Rc2 Bb6 {[%emt 0:07:28] A strong pair of Bishops.} 26. h5 Kf7 27. Rh4 (27. a3 {was called for.} Ra4 28. Rb2) 27... Rxh4 28. Nxh4 Ke7 29. Nhf3 Kd7 30. Rb2 Kc6 31. Rc2+ Kb7 32. Rb2 Ka6 33. Rc2 b4 34. g6 hxg6 35. hxg6 Kb5 36. Ne4 Bxe4 37. dxe4 {[%emt 0:00:02][%mdl 4096] Endgame KRB-KRN} Rf4 38. Ng5 Rxf2+ 39. Kd3 {[%emt 0:00:05] [#] Hoping for Rxf2.} Rf6 40. Nf7 Bc5 41. Rg2 Rf3+ 42. Kc2 Kc4 43. Ng5 (43. Kd2 $142 Ra3 44. Kc1) 43... Rf6 44. Nh7 (44. Nf7 $142) 44... Rf1 {[%emt 0:03:50] [#] ( -> ...Ra1)} 45. Ng5 Ra1 {[%emt 0:02:21] Black mates.} 46. Rg3 Rxa2+ 47. Kb1 b3 48. Nxe6 Bb4 {[%emt 0:00:00] White did not feel at home in the position after the opening.  Weighted Error Value: White=0.57/Black=0.18 (very precise)} 0-1

[Event "101st Irish Championship 2022"]
[Site "Dublin"]
[Date "2022.07.06"]
[Round "5.7"]
[White "Goss, Alex"]
[Black "O`cuilleanain, Oisin"]
[Result "0-1"]
[ECO "B22"]
[WhiteElo "1859"]
[BlackElo "1936"]
[Annotator "TA"]
[PlyCount "66"]
[EventDate "2022.07.05"]
[EventType "swiss"]
[EventCountry "IRL"]
[SourceTitle "playchess.com"]
[Source "ChessBase"]
[SourceQuality "1"]
[TimeControl "40/6300+30:1800+30"]

1. e4 c5 2. Nf3 e6 3. c3 Nf6 4. e5 Nd5 5. c4 Ne7 6. d4 {[%emt 0:00:38] B22: Sicilian: 2 c3.} cxd4 7. Qxd4 Nbc6 8. Qe4 {[%emt 0:02:23] Black is slightly better.} Ng6 9. Nc3 a6 {[%emt 0:03:45] [#]} 10. h4 $146 ({Predecessor:} 10. Bf4 Nxf4 11. Qxf4 Be7 12. Bd3 d6 13. exd6 Bxd6 14. Qe3 O-O 15. O-O Qf6 16. Ne4 {1-0 (50) Hng,M (1678)-Lee,K Penang 2013}) 10... Qc7 11. Bf4 (11. Be2 $15) 11... Nxf4 12. Qxf4 d6 13. exd6 Qxd6 (13... Bxd6 $17 14. Qe4 Bc5) 14. Qe3 $11 Nb4 {[%emt 0:05:10] [#] And now ...Nc2+ would win.} 15. Rc1 {[%emt 0:01:13] Inhibits Nc2+.} Qc5 16. Qe2 Qa5 17. Nd2 (17. Qd2 $11 {remains equal.}) 17... Nxa2 $17 18. Nxa2 Qxa2 19. Ne4 Bb4+ 20. Nc3 Bd7 {[%emt 0:00:16] Strongly threatening ...0-0-0.} 21. g4 (21. Qd2 $142 Qa5 22. Bd3) 21... Bc6 $19 22. Rh3 O-O-O 23. Qc2 Rd4 24. Be2 Ba4 $2 {[%emt 0:03:59] [#] This bishop pair is nice.} (24... h5 $19 25. gxh5 Rhd8) 25. Qb1 $2 {[%emt 0:00:28][%mdl 8192] Loses the game.} (25. Kf1 $11 {and White stays safe.} Qb3 26. Qxb3 Bxb3 27. Nb5 axb5 28. Rxb3) 25... Qxb1 26. Rxb1 Bb3 27. Kf1 Bxc4 28. Rc1 Kb8 (28... Rxg4 29. Nd1 $14 (29. Na2 Bd6 $14)) 29. Bxc4 Rxc4 30. Rd3 Rhc8 31. Rd7 R8c7 ({Not} 31... Rxg4 $2 32. Rxf7 Rxh4 33. Rd1 Bxc3 34. bxc3 $19) 32. Rd8+ Ka7 33. Ra1 Bxc3 {[%emt 0:00:14] Weighted Error Value: White=0.48/Black=0.32} 0-1

[Event "101st Irish Championship 2022"]
[Site "Dublin"]
[Date "2022.07.06"]
[Round "5.8"]
[White "Kennedy, John"]
[Black "Doyle, Anthony"]
[Result "1-0"]
[ECO "D78"]
[WhiteElo "2047"]
[BlackElo "2116"]
[Annotator "TA"]
[PlyCount "129"]
[EventDate "2022.07.05"]
[EventType "swiss"]
[EventCountry "IRL"]
[SourceTitle "playchess.com"]
[Source "ChessBase"]
[SourceQuality "1"]
[TimeControl "40/6300+30:1800+30"]

1. Nf3 Nf6 2. g3 g6 3. Bg2 Bg7 4. d4 O-O 5. O-O d5 6. c4 c6 {[%emt 0:00:38] 6...c6 scores better than 6...dxc4.} 7. Nc3 Bf5 8. Ne5 dxc4 {[%emt 0:17:14] D78: Fianchetto Grünfeld: 6 0-0 c6.} 9. Nxc4 Be6 10. Ne5 {[%emt 0:00:00] [#]} Ng4 $146 {[%emt 0:13:39] [#]} (10... Nd5 $11 {keeps the balance.}) ({Predecessor:} 10... Nbd7 11. e4 Nxe5 12. dxe5 Nd7 13. f4 Qb6+ 14. Kh1 Rfd8 15. Qe2 Qb4 16. Re1 Bc4 {0-1 (55) Dixit,A (2084)-Komiagina,M (2241) Chess.com INT 2021}) 11. Nf3 $1 $16 Na6 12. a3 Nc7 13. h3 Nf6 14. e4 h6 15. Be3 {[%emt 0:00:00] White stays focused until the end.} Qc8 16. Kh2 Rd8 17. Qd2 Kh7 18. Qc2 Nd7 19. Rfd1 {[%emt 0:00:00] White is more active.} Nb6 20. b3 {[%emt 0:00:00] Against Nc4} a5 (20... Na6 $16) 21. d5 $18 Bxc3 22. Qxc3 Nbxd5 23. exd5 Nxd5 24. Qc1 Nxe3 25. Qxe3 Qc7 26. Re1 Qd6 27. Ne5 Qd4 {[%emt 0:01:19] [#]} 28. Be4 $1 Qxe3 29. Rxe3 Rd2 30. Kg2 Rb2 (30... Rad8 {might work better.} 31. Nd3 Rd6) 31. Nc4 Bxc4 32. bxc4 Rd8 33. Rb1 Rdd2 34. Rxb2 Rxb2 {[%emt 0:00:06][%mdl 4096] Endgame KRB-KR} 35. Rc3 Kg7 36. c5 Kf6 (36... f5 $16) 37. Kf3 Ke5 {[%emt 0:01:09] [#] And now ...f5 would win.} 38. Ke3 $1 Ke6 39. Bc2 f5 40. f4 h5 $2 (40... Kf6 41. Kd2 Rb5) 41. Kd3 h4 42. gxh4 {[%emt 0:00:00] Hoping for Rb3.} Kf6 43. Kd2 {[%emt 0:00:00] aiming for Kc1.} a4 44. Kc1 Rb5 45. Bxa4 Ra5 46. Bd1 e5 47. fxe5+ Kxe5 48. Kd2 Kd4 (48... Ra8 {is a better defense.} 49. h5 gxh5 50. Bxh5 Rh8) 49. a4 Ra8 50. Bb3 Rh8 51. Bf7 Ke5 52. Re3+ Kf6 (52... Kd4 $142 53. Bxg6 Rxh4 54. Bxf5 Kxc5) 53. Bb3 {[%emt 0:00:00] White is clearly winning.} Rxh4 54. Re6+ Kg5 55. Re7 Rxh3 56. Rxb7 {[%emt 0:00:00] Strongly threatening a5.} Rh2+ 57. Kd3 Rh8 58. Re7 Kf4 59. Re6 g5 60. Rxc6 g4 61. Rg6 g3 62. a5 Kf3 63. Bd5+ Kf2 64. a6 f4 65. a7 {[%emt 0:00:15] Weighted Error Value: White=0.12 (very precise) /Black=0.31} 1-0

[Event "101st Irish Championship 2022"]
[Site "Dublin"]
[Date "2022.07.06"]
[Round "5.9"]
[White "Venkatesan, Kavin"]
[Black "Ivanov, Andrey A."]
[Result "1-0"]
[ECO "A57"]
[WhiteElo "2076"]
[BlackElo "2180"]
[Annotator "TA"]
[PlyCount "139"]
[EventDate "2022.07.05"]
[EventType "swiss"]
[EventCountry "IRL"]
[SourceTitle "playchess.com"]
[Source "ChessBase"]
[SourceQuality "1"]
[TimeControl "40/6300+30:1800+30"]

1. d4 Nf6 2. c4 c5 3. d5 b5 4. Qc2 bxc4 5. e4 d6 ({Don't take} 5... Qa5+ 6. Bd2 Qc7 7. Nf3 $14 (7. Qxc4 Ba6 $14) (7. Bxc4 d6 $14)) 6. Bxc4 {[%emt 0:00:28] A57: Benko/Volga Gambit.} g6 7. Nc3 Bg7 8. f4 ({Better is} 8. Nf3 $14) 8... Nfd7 9. Nf3 O-O 10. O-O Ba6 11. Qd3 (11. Nb5 $14) 11... Bxc4 $11 12. Qxc4 {[%emt 0:00:45] [#]} Nb6 $146 ({Predecessor:} 12... Qa5 13. Bd2 Qa6 14. Qb5 Nb6 15. Rad1 Qxb5 16. Nxb5 a6 17. Nc3 Nc4 18. Bc1 Bxc3 19. bxc3 {½-½ (73) Rakotomaharo,F (2446)-Van Meegen,R (2183) Groningen 2016}) 13. Qe2 Qd7 14. Rd1 (14. a4 $14) 14... e6 (14... Bxc3 $11 15. bxc3 Qa4) 15. e5 ({White should play} 15. dxe6 $16 fxe6 16. a4) 15... dxe5 $1 16. Nxe5 Qe7 17. d6 Qb7 18. Qe4 Qxe4 19. Nxe4 N8d7 20. Nxd7 Nxd7 21. Be3 Bxb2 (21... Rfc8 $11) 22. Rab1 $36 {[%emt 0:00:10][%mdl 2048] Black is under strong pressure. White is more active.} Rab8 (22... Bd4 $16 {keeps fighting.} 23. Bxd4 cxd4) 23. Nxc5 $18 Nxc5 24. Bxc5 {[%emt 0:00:18] Threatens to win with d7.} Rb7 25. Bxa7 $2 Rxa7 $14 26. Rxb2 $18 {[%emt 0:00:03][%mdl 4096] Endgame KRR-KRR} Rd8 27. Rd4 Ra6 28. Rbd2 Rd7 29. a4 Kf8 30. g3 Ke8 31. Kg2 Rda7 32. Ra2 Kd7 33. Kf3 Ra5 34. Rb2 Rd5 35. Rxd5 exd5 $11 {[%emt 0:35:13] KR-KR} 36. Rb6 Rxa4 37. Rb7+ Ke6 38. Re7+ Kxd6 39. Rxf7 Ra3+ 40. Kg4 d4 41. Rxh7 {[%emt 0:30:47] Strongly threatening Rg7.} d3 {[%emt 0:06:14] [#]} (41... Kd5 $11 {remains equal.}) 42. Kf3 $1 $16 {[%emt 0:00:15] White leaves nothing to chance now.} d2+ $2 (42... Ra2 $16) 43. Ke2 $18 d1=Q+ 44. Kxd1 {[%emt 0:00:10] Rg7 is the strong threat.} Ra2 (44... Ke6 $142 45. Kd2 Kf5) 45. Rh6 Ke7 46. Rxg6 {[%emt 0:00:21] White mates.} Rxh2 47. Ke1 Kf7 48. Rg5 Kf6 49. Kf1 Ra2 {[%emt 0:00:00] [#]} 50. Re5 $1 Rb2 51. Re2 Rb1+ 52. Kg2 Kf5 53. Re5+ Kg6 54. Kf3 Kf6 55. Ra5 Kg6 56. Kg4 Rb6 57. Rg5+ Kh6 58. Rh5+ Kg6 59. f5+ Kg7 60. Kg5 Rc6 61. g4 Rb6 62. Rh2 Ra6 63. Rb2 Ra7 64. Rb5 Rc7 65. f6+ Kf7 66. Kf5 Kg8 67. g5 Kh7 68. Re5 Rc1 69. Re7+ Kh8 70. Kg6 {[%emt 0:00:00] Weighted Error Value: White=0.21 (precise) /Black=0.51} 1-0

[Event "101st Irish Championship 2022"]
[Site "Dublin"]
[Date "2022.07.06"]
[Round "5.10"]
[White "Cafolla, Peter"]
[Black "Fox, Anthony"]
[Result "1-0"]
[ECO "C90"]
[WhiteElo "1937"]
[BlackElo "1945"]
[Annotator "TA"]
[PlyCount "77"]
[EventDate "2022.07.05"]
[EventType "swiss"]
[EventCountry "IRL"]
[SourceTitle "playchess.com"]
[Source "ChessBase"]
[SourceQuality "1"]
[TimeControl "40/6300+30:1800+30"]

1. e4 e5 2. Nf3 Nc6 3. Bb5 a6 4. Ba4 Nf6 5. O-O Be7 6. Re1 b5 7. Bb3 d6 8. a4 Bg4 9. c3 O-O 10. h3 Bxf3 11. Qxf3 Na5 12. Bc2 b4 {[%emt 0:00:23] is the legacy move (12...c5). C90: Closed Ruy Lopez with 7...d6: Early deviations.} 13. d4 {[%emt 0:01:17] [#]} b3 $146 ({Predecessor:} 13... c5 14. d5 b3 15. Bd3 c4 16. Bf1 Nd7 17. Qg4 Kh8 18. Be3 Rc8 19. Nd2 g6 20. Bh6 {½-½ (40) Predojevic,B (2625)-Lie,E (2459) Norway 2017}) 14. Bd3 c5 ({Black should play} 14... Nd7 $14) 15. dxe5 dxe5 16. Nd2 {[%emt 0:00:47] Inhibits c4.} c4 (16... Ne8 $16 {might work better.} 17. Qe2 Nd6) 17. Nxc4 $18 Qc7 18. Qe2 Nb7 19. Be3 Nd7 20. Nd2 Ndc5 21. Bc4 Na5 22. Bd5 {[%emt 0:07:22] This bishop pair is nice.} Rab8 23. Bxc5 Bxc5 24. Qxa6 Rfd8 25. Qe2 Rd6 26. Kh1 Rf6 27. Rf1 h6 28. Nf3 g6 29. Nh2 h5 {[%emt 0:00:15] Prevents Ng4.} 30. Nf3 Kg7 31. Ng5 Qe7 32. h4 Rbb6 33. g3 Qc7 34. Rad1 {[%emt 0:03:21] White is clearly winning.} Qe7 35. Kg2 Qe8 36. f4 Qe7 37. fxe5 Qxe5 38. Nxf7 Qe7 39. Qd2 {[%emt 0:00:32] Black got outplayed after the opening.  Weighted Error Value: White=0.04 (flawless) /Black=0.33} 1-0

[Event "101st Irish Championship 2022"]
[Site "Dublin"]
[Date "2022.07.06"]
[Round "5.11"]
[White "O`Gorman, Alice"]
[Black "Keogh, Eamon"]
[Result "1-0"]
[ECO "A21"]
[WhiteElo "2043"]
[BlackElo "1931"]
[Annotator "TA"]
[PlyCount "55"]
[EventDate "2022.07.05"]
[EventType "swiss"]
[EventCountry "IRL"]
[SourceTitle "playchess.com"]
[Source "ChessBase"]
[SourceQuality "1"]
[TimeControl "40/6300+30:1800+30"]

1. c4 f5 2. Nc3 Nf6 3. g3 e5 4. d4 e4 5. Nh3 Nc6 6. Bg2 {[%emt 0:00:54] [#] A21: English Opening: 1...e5 2 Nc3.} Ne7 $146 (6... d5 $14) ({Predecessor:} 6... Be7 7. Bg5 O-O 8. Nf4 Ng4 9. Bxe7 Nxe7 10. h3 Nf6 11. e3 d5 12. cxd5 Nexd5 13. Ncxd5 Nxd5 {1-0 (50) Deviatkin,A (2461)-Mythireyan,P (1913) New Delhi 2019}) 7. Bg5 $16 Ng6 8. O-O {[%emt 0:02:09] White is better.} Be7 9. f3 exf3 10. Bxf3 (10. exf3 $16 O-O 11. Qd3) 10... c6 11. e4 {[%emt 0:03:02] White is more active.} fxe4 12. Bxe4 Nxe4 {[%emt 0:01:47][%mdl 8192] Loses the game.} (12... d6 $1 $14 13. Bxg6+ hxg6) 13. Nxe4 $18 d5 {[%emt 0:00:55] [#]} 14. Bxe7 $1 Qxe7 {[%emt 0:03:01] [#]} 15. Neg5 Bxh3 16. Re1 O-O 17. Qh5 (17. Rxe7 $142 {[%cal Od1h5] White wants to mate with Qh5!} Rf1+ 18. Qxf1 Bxf1 19. Rxb7 (19. Rxf1 Nxe7 20. Re1 Re8 $11) 19... Bxc4 20. Ne6) 17... Qxg5 18. Qxg5 Rf5 19. Qe3 Raf8 20. cxd5 cxd5 21. Rac1 Rf3 22. Qe2 h5 23. Qb5 R3f5 (23... R8f5 {is a better defense.} 24. Re8+ Kh7) 24. Re8 {[%emt 0:08:34] White is clearly winning.} Rxe8 25. Qxe8+ Kh7 26. Qe2 h4 27. Rc7 Nf8 28. g4 {[%emt 0:05:14] Weighted Error Value: White=0.19 (very precise) /Black=0.52} 1-0

[Event "101st Irish Championship 2022"]
[Site "Dublin"]
[Date "2022.07.06"]
[Round "5.12"]
[White "Murray, Sam"]
[Black "Liu, Jason"]
[Result "0-1"]
[ECO "C00"]
[WhiteElo "1624"]
[BlackElo "1746"]
[Annotator "NA RC COMBH"]
[PlyCount "58"]
[EventDate "2022.07.05"]
[EventType "swiss"]
[EventCountry "IRL"]
[SourceTitle "playchess.com"]
[Source "ChessBase"]
[SourceQuality "1"]
[TimeControl "40/6300+30:1800+30"]

1. e4 e6 2. b3 d5 3. Bb2 dxe4 4. Nc3 Nf6 5. g4 Nc6 6. g5 Nd5 7. Nxe4 h6 8. g6 f5 9. Ng3 Bd7 10. Nh3 Qe7 11. Bg2 O-O-O 12. Qe2 Qc5 13. c4 Nd4 14. Bxd4 Qxd4 15. O-O Nf6 16. Qe3 Qxe3 17. fxe3 Bd6 18. Nf4 Rhe8 19. Nfh5 Rg8 20. d4 Be8 21. Nf4 Bxf4 22. Rxf4 Bxg6 23. Bh3 Nh5 24. Nxh5 Bxh5 25. Rh4 Bf7 26. Rf1 h5 27. Rhf4 g6 28. Rd1 c5 29. Kf2 g5 0-1